 Dungeon Crawl Stone Soup version 0.31-a0-744-gbc345e7fcb (webtiles) character file.

Game seed: 9092597594511354051

355 Ijustatesigmund the Magician (level 6, 0/35 HPs)
             Began as a Deep Elf Fire Elementalist on Sept 13, 2023.
             Was a Follower of Cheibriados.
             Slain by Duvessa
             ... wielding a +0 short sword
              (8 damage)
             ... on level 4 of the Dungeon.
             The game lasted 00:05:39 (3301 turns).

Ijustatesigmund the Magician (DEFE)                 Turns: 3301, Time: 00:05:40

Health: 0/35       AC:  2    Str:  8    XL:     6   Next: 36%
Magic:  4/15       EV: 13    Int: 25    God:    Cheibriados [*.....]
Gold:   88         SH:  0    Dex: 18    Spells: 7/14 levels left

rFire   . . .        c - +0 short sword
rCold   + . .        (no shield)
rNeg    . . .        a - +0 robe
rPois   .            (helmet restricted)
rElec   .            (no cloak)
rCorr   .            (no gloves)
SInv    .            (no boots)
Will    +....        (no amulet)
Stlth   ++           j - ring of protection from cold
HPRegen 0.25/turn    (no ring)
MPRegen 0.14/turn

%: no passive effects
@: enlightened, flying, invisible, very slow
A: horns 1
a: Renounce Religion, Bend Time


You were on level 4 of the Dungeon.
You worshipped Cheibriados.
Cheibriados was aware of your devotion.
You visited 1 branch of the dungeon, and saw 4 of its levels.

You collected 88 gold pieces.

Inventory:

Hand Weapons
 c - a +0 short sword (weapon)
Armour
 a - a +0 robe (worn)
 f - a +0 buckler
Jewellery
 j - a ring of protection from cold (left hand)
Wands
 g - a wand of digging (6)
 l - a wand of polymorph (8)
Potions
 b - a potion of magic
 e - a potion of invisibility
 h - a potion of mutation
 i - 2 potions of curing
 k - a potion of enlightenment


   Skills:
 - Level 2.0 Fighting
 - Level 2.4 Dodging
 - Level 2.4 Stealth
 + Level 4.9 Spellcasting
 + Level 3.4 Conjurations
 + Level 4.7 Fire Magic
 + Level 2.5 Invocations


You had 7 spell levels left.
You knew the following spells:

 Your Spells              Type           Power      Damage    Failure   Level
a - Foxfire               Conj/Fire      100%       2x1d9     1%          1
b - Scorch                Fire           58%        2d7       1%          2
c - Flame Wave            Conj/Fire      26%        2d8       16%         4

Your spell library contained the following spells:

 Spells                   Type           Power      Damage    Failure   Level
 Slow                     Hex            24%        N/A       9%          1
 Inner Flame              Hex/Fire       17%        N/A       10%         3
 Volatile Blastmotes      Fire/Tloc      34%        2d12      10%         3
 Confusing Touch          Hex            6%         N/A       26%         3
 Sigil of Binding         Hex            6%         N/A       26%         3
 Vampiric Draining        Necr           6%         2d6       26%         3


Dungeon Overview and Level Annotations

Branches:
Dungeon (4/15)
 Temple: D:4-7

Altars:
Cheibriados
Yredelemnul

Annotations:
D:3 2 transporters, GreedOfGod's ghost, amateur DsGl
D:4 Dowan; Duvessa


Innate Abilities, Weirdness & Mutations

You have a pair of small horns on your head.


Message History

(Press . to intensify the flame waves.)
You hear a shout!
A goblin comes into view. It is wielding a +0 dagger.
Dowan casts a spell at you. The puff of flame hits you!
A wave of flame ripples out!
The flame wave engulfs Duvessa!
Duvessa is moderately wounded.
The flame wave engulfs Dowan!
Dowan is burned terribly!
Dowan is severely wounded.
Dowan is no longer more vulnerable to fire.
Duvessa barely misses you.
Dowan gestures wildly while chanting.
Dowan blinks!
A wave of flame ripples out!
The flame wave engulfs Duvessa!
Duvessa is severely wounded.
You finish channelling waves of flame.
You hear a shout!
Duvessa hits you with a +0 short sword!
Casting: Flame Wave (quite dangerous; 16% risk of failure)
Confirm with . or Enter, or press ? or * to list all spells.
Flames lash Duvessa.
Duvessa is severely wounded.
Duvessa's fire resistance burns away.
Duvessa hits you with a +0 short sword. Duvessa hits you with a +0 short sword!
* * * LOW HITPOINT WARNING * * *
Unknown command.
It was a potion of curing.
You feel better. Duvessa hits you with a +0 short sword.
* * * LOW HITPOINT WARNING * * *
You aren't carrying any scrolls.
It was a potion of enlightenment.
You feel very buoyant.
You fly up into the air.
Duvessa is no longer more vulnerable to fire.
Duvessa misses you.
It was a potion of invisibility.
You fade into invisibility!
A quokka comes into view.
Duvessa hits you with a +0 short sword!
You die...

## #...#.....#......###
...
#...#..##...#.##....
....
#......##...#......#
....
#...##.##...#####.##
....
#...##.#.....#...... .#
#...##.#.....#.##.## .#
#...##.........##.# .#
#####...##########...<#
.# ##.....e@g..# #.##.#
.# #..#####e##r..# #
##.# .# #..# ... ...
#.# ### ##..# +...# #
#.# ..# #...# #...# #.#
..# #.#.# +...# #.# ..#
#.#.# #⌠8⌠# #.#
..######.#.########
#........#........


You could see Duvessa (unable to see you), Dowan (unable to see you), a quokka
(wandering, unable to see you) and a goblin (unable to see you).

Vanquished Creatures
  A phantom (D:4)
  2 scorpions (D:4)
  A howler monkey (D:4)
  A hound (D:4)
  3 adders
  2 dart slugs
  7 endoplasms
  3 giant cockroaches
  6 goblins
  8 hobgoblins
  4 jackals (D:1)
  3 quokkas
  5 ball pythons
  5 bats
  5 frilled lizards
  4 kobolds
  5 rats
65 creatures vanquished.

Vanquished Creatures (others)
  173 foxfires
173 creatures vanquished.

Grand Total: 238 creatures vanquished

Notes
Turn   | Place    | Note
-------+----------+-------------------------------------------
     0 | D:1      | Ijustatesigmund the Deep Elf Fire Elementalist began the
                  | quest for the Orb.
     0 | D:1      | Reached XP level 1. HP: 10/10 MP: 6/6
   183 | D:1      | Reached XP level 2. HP: 16/16 MP: 4/8
   220 | D:1      | Learned a level 2 spell: Scorch
   774 | D:1      | Reached XP level 3. HP: 20/20 MP: 7/10
  1225 | D:2      | Found a snail-covered altar of Cheibriados.
  1245 | D:2      | Became a worshipper of Cheibriados the Contemplative
  1346 | D:2      | Reached skill level 1 in Fighting
  1886 | D:3      | Found a transporter.
  1890 | D:3      | Noticed GreedOfGod's ghost (amateur DsGl)
  1979 | D:3      | Gained mutation: You have a pair of small horns on your
                  | head. [potion of mutation]
  2017 | D:3      | Reached * piety under Cheibriados
  2141 | D:3      | Found a basalt altar of Yredelemnul.
  2163 | D:3      | Found a transporter.
  2440 | D:3      | Reached XP level 4. HP: 23/25 MP: 6/11
  2499 | D:3      | Learned a level 4 spell: Flame Wave
  2591 | D:3      | Reached skill level 1 in Invocations
  2770 | D:4      | Noticed a phantom
  2776 | D:4      | Killed a phantom
  2777 | D:4      | Reached XP level 5. HP: 30/30 MP: 9/13
  2874 | D:4      | Reached XP level 6. HP: 23/35 MP: 3/15
  3289 | D:4      | Noticed Duvessa
  3289 | D:4      | Noticed Dowan
  3301 | D:4      | Slain by Duvessa

Illustrated notes

Levels and vault maps discovered:
D:1:      sevenhm_arrival_forest_fort_large_4, layout_rooms,
          kennysheep_decorative_pillar
D:2:      layout_basic, basic_altar
D:3:      layout_loops_ring, yredelemnul_altar_generic,
          gammafunk_ghost_stat_death
D:4:      dreamdust_elfheim, layout_basic, roderic_lattice_a,
          kennysheep_generic_room_5

Skill      XL: |  1  2  3  4  5 |
---------------+----------------+-----
Conjurations   | 2 3 |  3.4
Fighting       | 1 2 |  2.0
Invocations    | 1 2 |  2.5
Spellcasting   | 4 |  4.9
Fire Magic     | 4 |  4.7
Dodging        | |  2.4
Stealth        | |  2.4

Action                     |  1- 3 |  4- 6 || total
---------------------------+-------+-------++-------
  Melee: Dagger            |     1 |       ||     1
   Cast: Foxfire           |    88 |    18 ||   106
         Scorch            |    15 |    17 ||    32
         Flame Wave        |       |     1 ||     1
    Use: Scroll            |     6 |     1 ||     7
         Potion            |     1 |     3 ||     4
   Stab: Sleeping          |     1 |       ||     1
 Armour: Robe              |    15 |    15 ||    30
  Dodge: Dodged            |    15 |    10 ||    25

Table legend: (Time is in decaauts)
 A = Elapsed time spent in this place.
 B = Non-inter-level travel time spent in this place.
 C = Inter-level travel time spent in this place.
 D = Time resting spent in this place.
 E = Time spent auto-exploring this place.
 F = Levels seen in this place.
 G = Mean time per level.
                   A        B        C        D        E       F      G
               +--------+--------+--------+--------+--------+-----+--------+
         Total |   3688 |   3643 |     45 |    227 |   2958 |   4 |  922.0 |
       Dungeon |   3688 |   3643 |     45 |    227 |   2958 |   4 |  922.0 |
               +--------+--------+--------+--------+--------+-----+--------+

Top non-repeatable levels by time:
     D:1: 1151 daAuts
     D:3: 988 daAuts
     D:2: 844 daAuts
     D:4: 703 daAuts
